 Dungeon Crawl Stone Soup version 0.21.1-1-g345015f (webtiles) character file.

2471 aMcNicky the Grappler (level 9, -2/78 HPs)
             Began as a Ghoul Monk on Mar 21, 2018.
             Slain by a warg (11 damage)
             ... on level 7 of the Dungeon.
             The game lasted 00:20:46 (6169 turns).

aMcNicky the Grappler (Ghoul Monk)                  Turns: 6169, Time: 00:20:47

Health: -2/78      AC: 10    Str: 18    XL:     9   Next: 51%
Magic:  8/8        EV: 10    Int:  5    God:
Gold:   328        SH:  4    Dex: 11    Spells: 8/8 levels left

rFire    . . .     SeeInvis .     - Unarmed
rCold    + . .     Gourm    .   q - +0 buckler
rNeg     + + +     Faith    .   s - +0 chain mail
rPois    ∞         Spirit   .   (no helmet)
rElec    .         Reflect  .   g - +0 cloak
rCorr    .         Harm     .   (no gloves)
MR       .....                  (no boots)
Stlth    ..........             (no amulet)
HPRegen  0.00/turn              j - +1 ring of evasion
MPRegen  0.11/turn              (no ring)

@: rotting
A: rotting body, claws 1, carnivore, cold resistance 1, negative energy
resistance 3, inhibited regeneration, torment resistance, unbreathing
a: no special abilities


You were on level 7 of the Dungeon.
You were not hungry.

You visited 1 branch of the dungeon, and saw 8 of its levels.

You collected 328 gold pieces.

Inventory:

Armour
 a - a +0 robe
 g - a +0 cloak (worn)
 h - a scarf of cloud immunity
 q - a +0 buckler (worn)
 s - a +0 chain mail (worn)
Jewellery
 j - a +1 ring of evasion (left claw)
 k - an uncursed ring of protection from cold {unknown}
 J - the amulet of Elisurir {Gourm rF+, unknown}
   (You found it on level 7 of the Dungeon)

   [amulet of the gourmand]

   It allows you to eat raw meat even when not hungry.
   It protects you from fire.
Wands
 p - a wand of disintegration (14)
 w - a wand of digging (10)
Scrolls
 c - 5 scrolls of teleportation
 d - 2 scrolls of amnesia
 f - 7 scrolls of remove curse {@r2}
 o - a scroll of fog
 t - 2 scrolls of magic mapping
 x - 2 scrolls of enchant weapon {unknown}
 y - 2 scrolls of enchant armour {unknown}
 z - 2 scrolls of blinking {unknown}
 B - 2 scrolls of identify {@r1}
 I - a scroll of random uselessness {unknown}
Potions
 e - 4 potions of brilliance
 l - a potion of haste {unknown}
 m - 3 potions of might {unknown}
 n - 2 potions of flight {unknown}
 r - a potion of lignification {unknown}
 v - 2 potions of agility {unknown}
 A - a potion of mutation {unknown}
 C - a potion of cancellation {unknown}
 D - a potion of invisibility {unknown}
 F - a potion of curing {unknown}
 H - a potion of resistance {unknown}
Books
 E - a book of Conjurations

   Spells                             Type                      Level
   a - Magic Dart                     Conjuration                  1
   b - Searing Ray                    Conjuration                  2
   c - Dazzling Spray                 Conjuration/Hexes            3
   d - Fulminant Prism                Conjuration/Hexes            4
   e - Force Lance                    Conjuration/Translocation    4
   f - Iskenderun's Mystic Blast      Conjuration                  4
Comestibles
 b - 11 rations


   Skills:
 + Level 6.5 Fighting
 + Level 4.4 Armour
 + Level 5.4 Dodging
 - Level 2.1 Stealth
 - Level 4.2 Shields
 * Level 8.7 Unarmed Combat


You had 8 spell levels left.
You didn't know any spells.

Dungeon Overview and Level Annotations

Branches:
Dungeon (8/15)             Temple (0/1) D:6
   Lair: D:8-11

Altars:
Cheibriados
Elyvilon
Gozag
Makhleb
Okawaru
Ru
Xom
Zin

Shops:
D:2 *

Annotations:
D:8 Mgcat's ghost, novice GrGl


Innate Abilities, Weirdness & Mutations

Your body is rotting away.
You thrive on raw meat.
You are immune to poison.
You have sharp fingernails.
You are carnivorous and can eat meat at any time.
Your flesh is cold resistant. (rC+)
You are immune to negative energy. (rN+++)
You do not regenerate when monsters are visible.
You are immune to unholy pain and torment.
You can survive without breathing.


Message History

* * * LOW HITPOINT WARNING * * *
The warg bites you!
* * * LOW HITPOINT WARNING * * *
The warg barely misses you.
You feel much better. The warg bites you but does no damage.
The warg barely misses you. The warg bites you.
Sorry, you're not good enough to have a special ability.
As you read the scroll labeled QECSIKKUOLE, it crumbles to dust.
You feel aware of your surroundings.
It was a scroll of magic mapping.
The warg bites you!
* * * LOW HITPOINT WARNING * * *
The warg bites you!
* * * LOW HITPOINT WARNING * * *
As you read the scroll labeled YNAVABRUEVER, it crumbles to dust.
The scroll dissolves into smoke.
It was a scroll of fog.
The warg closely misses you. The warg bites you but does no damage.
As you read the scroll labeled URELUA COCLOH, it crumbles to dust.
The creatures around you are filled with an inner flame!
It was a scroll of immolation.
The warg bites you!
You die...

.....#.......#....#.....#
.....###'######..######'#
.....##.....###..###>...#
...................#....#
...................#....#
...................#....#
.....###(...###...####'##
.....###....########.>..#
...............§@h......#
...............h§§......#
...........(..§§........#
........................#
...#####....##....##....#
...##.#####+##....#######
............#......#
............+......#
..<.........#......#


You could see 2 wargs.

Vanquished Creatures
  Pikel (D:5)
  Prince Ribbit (D:6)
  Grinder (D:5)
  Sigmund (D:5)
  Menkaure (D:5)
  2 sky beasts
  2 slaves
  An ogre (D:7)
  A centaur (D:7)
  A scorpion (D:7)
  5 wights
  4 crimson imps
  3 howler monkeys (D:8)
  A hound (D:6)
  2 orc priests
  Crazy Yiuf (D:2)
  A bullfrog skeleton (D:5)
  An iguana (D:7)
  An orc wizard (D:7)
  4 worker ants
  A hound zombie (D:5)
  9 adders
  A shadow imp (D:5)
  3 oozes
  An adder zombie (D:5)
  An adder skeleton (D:5)
  2 worms
  3 dart slugs
  5 leopard geckos
  2 orcs
  8 giant cockroaches
  6 goblins
  A hobgoblin (D:3)
  10 jackals
  10 kobolds
  A quokka (D:4)
  2 ball pythons
  A ball python skeleton (D:4)
  8 bats
  8 frilled lizards
  A leopard gecko zombie (D:5)
  8 rats
127 creatures vanquished.

Vanquished Creatures (others)
  A jackal zombie (D:8)
1 creature vanquished.

Grand Total: 128 creatures vanquished

Notes
Turn   | Place    | Note
-------+----------+-------------------------------------------
     0 | D:1      | aMcNicky the Ghoul Monk began the quest for the Orb.
     0 | D:1      | Reached XP level 1. HP: 19/19 MP: 0/0
   409 | D:1      | Reached XP level 2. HP: 26/26 MP: 1/1
   700 | D:1      | Reached XP level 3. HP: 27/30 MP: 2/2
   891 | D:1      | Reached skill level 1 in Armour
   993 | D:2      | Reached skill level 4 in Unarmed Combat
  1086 | D:2      | Found an iron altar of Okawaru.
  1189 | D:2      | Found a glowing silver altar of Zin.
  1189 | D:2      | Found Zin's Purification Station.
  1267 | D:2      | Found a runed door.
  1318 | D:2      | Reached XP level 4. HP: 39/40 MP: 3/3
  1361 | D:2      | Found a shimmering altar of Xom.
  1362 | D:2      | Found a shimmering altar of Xom.
  1362 | D:2      | Found a shimmering altar of Xom.
  1362 | D:2      | Found a shimmering altar of Xom.
  1362 | D:2      | Found a shimmering altar of Xom.
  1368 | D:2      | Found a shimmering altar of Xom.
  1369 | D:2      | Found a shimmering altar of Xom.
  1369 | D:2      | Found a shimmering altar of Xom.
  1403 | D:2      | Found a snail-covered altar of Cheibriados.
  1658 | D:2      | Noticed Crazy Yiuf
  1663 | D:2      | Killed Crazy Yiuf
  1836 | D:3      | Found an opulent altar of Gozag.
  2075 | D:3      | Found a shimmering altar of Xom.
  2075 | D:3      | Found a burning altar of Makhleb.
  2084 | D:3      | Reached XP level 5. HP: 43/46 MP: 4/4
  2459 | D:4      | Reached skill level 1 in Shields
  2652 | D:4      | Found a white marble altar of Elyvilon.
  2703 | D:4      | Reached skill level 5 in Unarmed Combat
  2892 | D:5      | Entered Level 5 of the Dungeon
  2898 | D:5      | Reached XP level 6. HP: 51/52 MP: 5/5
  2939 | D:5      | Noticed Sigmund
  2955 | D:5      | Killed Sigmund
  3062 | D:5      | Reached XP level 7. HP: 45/60 MP: 6/6
  3100 | D:5      | Noticed Menkaure
  3125 | D:5      | Killed Menkaure
  3492 | D:5      | Noticed Grinder
  3499 | D:5      | Paralysed by Grinder for 3 turns
  3512 | D:5      | Killed Grinder
  3512 | D:5      | Reached skill level 5 in Fighting
  3512 | D:5      | Reached skill level 6 in Unarmed Combat
  3942 | D:6      | Noticed Pikel
  4000 | D:6      | Reached XP level 8. HP: 66/68 MP: 7/7
  4046 | D:5      | Killed Pikel
  4046 | D:5      | Reached skill level 7 in Unarmed Combat
  4381 | D:6      | Found a sacrificial altar of Ru.
  4862 | D:6      | Found a staircase to the Ecumenical Temple.
  5072 | D:6      | Noticed Prince Ribbit
  5152 | D:6      | Killed Prince Ribbit
  5152 | D:6      | Reached skill level 5 in Dodging
  5152 | D:6      | Reached skill level 8 in Unarmed Combat
  5152 | D:6      | Reached XP level 9. HP: 49/75 MP: 8/8
  5753 | D:7      | Got a heavily runed silver amulet
  6095 | D:8      | Noticed Mgcat's ghost (novice GrGl)
  6169 | D:7      | Slain by a warg

Skill      XL: |  1  2  3  4  5  6  7  8 |
---------------+-------------------------+-----
Armour         | 1 2 4 |  4.4
Dodging        | 3 4 5 |  5.4
Unarmed Combat | 4 5 6 8 |  8.7
Fighting       | 4 5 6 |  6.5
Shields        | 1 2 3 4 |  4.2
Stealth        | |  2.1

Action                   |  1- 3 |  4- 6 |  7- 9 || total
-------------------------+-------+-------+-------++-------
Melee: Unarmed           |   134 |   134 |   272 ||   540
  Use: Scroll            |       |     6 |     3 ||     9
       Potion            |       |       |     4 ||     4
 Stab: Sleeping          |     6 |     3 |       ||     9
       Distracted        |       |     1 |       ||     1
  Eat: Chunk             |     4 |     4 |     4 ||    12
       Ration            |       |       |     3 ||     3
Armor: Robe              |    27 |    10 |       ||    37
       Chain mail        |       |    37 |   108 ||   145
Dodge: Dodged            |    79 |    54 |    92 ||   225
Block: Buckler           |       |    15 |    50 ||    65
